 Dungeon Crawl Stone Soup version 0.30.1-3-gfc49f6343a (webtiles) character file.

Game seed: 690034818256141287

51 hawla the Firebug (level 4, -1/33 HPs)
             Began as a Meteoran Fire Elementalist on July 23, 2023.
             Slain by an orc priest
             ... wielding a +0 hand axe
              (2 damage)
             ... on level 4 of the Dungeon.
             The game lasted 00:02:55 (368 turns).

hawla the Firebug (Meteoran Fire Elementalist)       Turns: 368, Time: 00:02:56

Health: -1/33      AC:  3    Str:  9    XL:     4   Next: 27%
Magic:  5/9        EV: 12    Int: 18    God:
Gold:   29         SH:  0    Dex: 15    Spells: 2/9 levels left

rFire   . . .        (no weapon)
rCold   . . .        (no shield)
rNeg    . . .        a - +1 robe
rPois   .            (no helmet)
rElec   .            (no cloak)
rCorr   .            (no gloves)
SInv    .            (no boots)
Will    .....        (no amulet)
Stlth   +            (no ring)
HPRegen 0.25/turn    (no ring)
MPRegen 0.11/turn

%: no passive effects
@: mighty, very slightly contaminated, glowing
A: sense surroundings 1, otherworldly, glowing, explore regen
a: no special abilities


You were on level 4 of the Dungeon.
You visited 1 branch of the dungeon, and saw 4 of its levels.

You collected 29 gold pieces.

Inventory:

Armour
 a - a +1 robe (worn)


   Skills:
 - Level 2.6 Dodging
 - Level 1.4 Stealth
 - Level 3.2 Spellcasting
 + Level 1.4 Conjurations
 - Level 5.1 Fire Magic


You had 2 spell levels left.
You knew the following spells:

 Your Spells              Type           Power      Damage    Failure   Level
a - Foxfire               Conj/Fire      56%        2x1d6     4%          1
b - Scorch                Fire           42%        2d7       3%          2
c - Flame Wave            Conj/Fire      14%        2d6       38%         4

Your spell library contained the following spells:

 Spells                   Type           Power      Damage    Failure   Level
 Inner Flame              Hex/Fire       12%        N/A       17%         3
 Volatile Blastmotes      Fire/Tloc      24%        2d12      17%         3
 Ozocubu's Armour         Ice            2%         N/A       43%         3
 Metabolic Englaciation   Hex/Ice        1%         N/A       99%         5
 Simulacrum               Ice/Necr       1%         N/A       100%        6


Dungeon Overview and Level Annotations

Branches:
Dungeon (4/15) Zot: 2026
 Temple: D:4-7

Altars:

Shops:
D:4 *


Innate Abilities, Weirdness & Mutations

You passively map a small area around you.
You are easily found by Zot.
You glow in the dark.
You regain HP and MP as you explore.


Message History

You are very lightly contaminated with residual magic.
You are blasted with magical energy!
The orc hits you with a +0 club. The orc closely misses you.
Unknown command.
As you read the scroll labelled ASTRON DEATHREYXT, it crumbles to dust.
It is a scroll of enchant armour.
Your +0 robe glows green for a moment.
The orc closely misses you.
The orc priest invokes the aid of Beogh against you.
You struggle to resist.
The orc barely misses you.
The orc wizard hits you but does no damage.
It was a potion of might.
You feel very mighty all of a sudden. The orc hits you with a +0 club.
* * * LOW HITPOINT WARNING * * *
The orc priest barely misses you. The orc wizard closely misses you.
The orc hits you with a +0 dagger.
* * * LOW HITPOINT WARNING * * *
Magic courses through your body. The orc hits you with a +0 club.
* * * LOW HITPOINT WARNING * * *
The orc priest misses you.
The orc wizard hits you with a +0 dagger.
* * * LOW HITPOINT WARNING * * *
The orc hits you with a +0 dagger.
* * * LOW HITPOINT WARNING * * *
Casting: Flame Wave (extremely dangerous; 38% risk of failure)
Confirm with . or Enter, or press ? or * to list all spells.
The spell is extremely dangerous to miscast (38% risk of failure)!
Continue anyway?
Casting: Flame Wave (extremely dangerous; 38% risk of failure)
Press: ? - help, Dir - look around, f - activate A wave of flame ripples out!
The flame wave engulfs the orc!
You kill the orc!
The flame wave engulfs the orc wizard!
The orc wizard is severely wounded.
The flame wave engulfs the orc!
You kill the orc!
The flame wave engulfs the orc priest.
The orc priest is lightly wounded. (Press . to intensify the flame waves.)
The orc priest hits you with a +0 hand axe.
You die...

+ #.......# ,,
#.......# * ,
#.......# ,
.......#
#.......##
#.#8....# ,,*
#...)...#
#...)@..# , ,
#...oo..# * ,
, #8...∩...8#
#........... ,
* ,
...>......##.,
* ,,
#.......... ,#
#....8.>...+,
** *
##.........# +
, , *


You could see an orc priest and an orc wizard.

Vanquished Creatures
  3 adders
  2 dart slugs
  2 orcs (D:4)
  An endoplasm (D:1)
  A giant cockroach (D:2)
  A goblin (D:1)
  A hobgoblin (D:1)
  4 jackals (D:3)
  2 kobolds (D:1)
  A quokka (D:2)
  A ball python (D:3)
  A frilled lizard (D:2)
  3 rats
23 creatures vanquished.

Vanquished Creatures (others)
  34 foxfires
34 creatures vanquished.

Grand Total: 57 creatures vanquished

Notes
Turn   | Place    | Note
-------+----------+-------------------------------------------
     0 | D:1      | hawla the Meteoran Fire Elementalist began the quest for
                  | the Orb.
     0 | D:1      | Reached XP level 1. HP: 14/14 MP: 5/5
    85 | D:1      | Reached skill level 4 in Fire Magic
    85 | D:1      | Reached XP level 2. HP: 20/20 MP: 2/6
    96 | D:2      | Learned a level 2 spell: Scorch
   125 | D:2      | Reached XP level 3. HP: 26/26 MP: 5/8
   215 | D:3      | Identified the +2 ring mail "Roinnura" {rElec Regen+
                  | Stlth+}
   340 | D:3      | Reached skill level 5 in Fire Magic
   340 | D:3      | Reached XP level 4. HP: 28/33 MP: 5/9
   346 | D:4      | Found Opevvin's General Store.
   362 | D:3      | Learned a level 4 spell: Flame Wave
   367 | D:4      | HP: 1/33 [orc/+0 dagger (2)]
   368 | D:4      | Slain by an orc priest

Illustrated notes

Levels and vault maps discovered:
D:1:      ncdulo_wetmaze, layout_basic
D:2:      layout_basic, uniq_natasha
D:3:      layout_basic, grunt_ministairs_15, item_on_display_a
D:4:      nicolae_cairo_tiling_very_big, layout_basic,
          mainiacjoe_overflow_small_starburst, serial_shops,
          nicolae_stop_n_shop_1

Skill      XL: |  1  2  3 |
---------------+----------+-----
Fire Magic     | 4 5 |  5.1
Spellcasting   | 3 |  3.2
Dodging        | |  2.6
Stealth        | |  1.4
Conjurations   | |  1.4

Action                     |  1- 3 |  4- 6 || total
---------------------------+-------+-------++-------
  Melee: Unarmed           |     7 |       ||     7
   Cast: Foxfire           |    23 |     1 ||    24
         Scorch            |     8 |     2 ||    10
         Flame Wave        |       |     1 ||     1
    Use: Potion            |       |     2 ||     2
         Scroll            |       |     1 ||     1
 Armour: Robe              |     5 |     2 ||     7
  Dodge: Dodged            |    11 |    11 ||    22
